 Dungeon Crawl Stone Soup version 0.19.5 (webtiles) character file.

137 tricornhat the Firebug (level 5, -3/37 HPs)
             Began as a Demonspawn Fire Elementalist on Mar 9, 2017.
             Killed from afar by Natasha (5 damage)
             ... with a magic dart
             ... on level 3 of the Dungeon.
             The game lasted 00:27:20 (3399 turns).

tricornhat the Firebug (DsFE)                       Turns: 3399, Time: 00:27:21

Health: -3/37      AC:  3    Str: 14    XL:     5   Next: 0%
Magic:  7/9        EV: 13    Int: 17    God:
Gold:   126        SH:  0    Dex: 13    Spells: 2 memorised, 5 levels left

rFire  . . .     SeeInvis .     d - +0 falchion
rCold  . . .     Gourm    .     a - +0 robe
rNeg   . . .     Faith    .     (no shield)
rPois  .         Spirit   .     (helmet restricted)
rElec  .         Reflect  .     h - +0 cloak
rCorr  .         Harm     .     (no gloves)
MR     .....                    (no boots)
Stlth  ++++......               (no amulet)
                                p - ring of stealth
                                j - ring of stealth

@: mighty, slowed, very slow
A: antennae 1, powered by pain 1
a: no special abilities


You were on level 3 of the Dungeon.
You were hungry.

You visited 1 branch of the dungeon, and saw 3 of its levels.

You collected 126 gold pieces.

Inventory:

Hand Weapons
 d - a +0 falchion (weapon)
Armour
 a - a +0 robe (worn)
 f - a +0 pair of gloves
 h - a +0 cloak (worn)
Jewellery
 e - an uncursed ring of flight
 j - a ring of stealth (left hand)
 l - an uncursed ring of wizardry {unknown}
 p - a ring of stealth (right hand)
Scrolls
 i - a scroll of recharging
 m - a scroll of remove curse {unknown}
 n - a scroll of magic mapping {unknown}
 o - a scroll of immolation {unknown}
Potions
 c - a potion of cancellation {unknown}
 g - a potion of berserk rage {unknown}
Books
 b - a book of Flames

   Spells                             Type                      Level
   a - Flame Tongue                   Conjuration/Fire             1
   b - Throw Flame                    Conjuration/Fire             2
   c - Conjure Flame                  Conjuration/Fire             3
   d - Inner Flame                    Hexes/Fire                   3
   e - Sticky Flame                   Conjuration/Fire             4
   f - Fireball                       Conjuration/Fire             5


   Skills:
 + Level 1.1 Fighting
 + Level 2.5 Dodging
 + Level 1.8 Stealth
 + Level 0.1 Unarmed Combat
 + Level 2.7 Spellcasting
 + Level 2.1 Conjurations
 + Level 3.6 Fire Magic


You had 5 spell levels left.
You knew the following spells:

 Your Spells              Type           Power        Failure   Level  Hunger
a - Flame Tongue          Conj/Fire      ##...        6%          1    #......
b - Conjure Flame         Conj/Fire      ##......     17%         3    ###....


Dungeon Overview and Level Annotations

Branches:
Dungeon (3/15)

Altars:

Annotations:
D:3 Azzok's ghost, amateur MiGl; Natasha


Innate Abilities, Weirdness & Mutations

You have a pair of small antennae on your head.
You sometimes gain a little power by taking damage.


Message History

You feel disoriented. Natasha closely misses you.
You riposte.
You barely miss Natasha.
Natasha is almost dead.
Natasha stares at you and mumbles some strange words.
The magic dart hits you!
* * * LOW HITPOINT WARNING * * *
Unknown command.
You aren't carrying any food.
As you read the scroll labeled CYFEOPN UNORU, it crumbles to dust.
The scroll dissolves into smoke.
It was a scroll of fog.
Natasha closely misses you. Natasha closely misses you.
Natasha stares at you and mumbles some strange words.
You resist with some effort.
Natasha mumbles some strange words.
You see here a scale mail.
Natasha casts a spell.
Natasha casts a spell at you. The magic dart hits you!
You die...

#...#......#
#####.#......###
#.....#####.....
#.....#####.....
#...............
#...............
###..........###
######..........#
#.@..'..........#
#§####..........#
#h####..........###
#§5§§#######.......
####§### #.......
#.§§§.# #...<...
#.....# #.......
#.....# #....[..
#.....# #.......


You could see Natasha.

Vanquished Creatures
  Natasha (D:3)
  An orc wizard (D:3)
  2 adders (D:2)
  2 leopard geckos (D:1)
  5 orcs (D:3)
  3 giant cockroaches
  3 goblins
  8 hobgoblins
  12 jackals
  A quokka (D:3)
  A ball python (D:1)
  4 bats
  4 frilled lizards
  6 kobolds
  6 rats
59 creatures vanquished.

Notes
Turn   | Place    | Note
-------+----------+-------------------------------------------
     0 | D:1      | tricornhat the Demonspawn Fire Elementalist began the quest for the Orb.
     0 | D:1      | Reached XP level 1. HP: 13/13 MP: 3/3
   582 | D:1      | Gained mutation: You have a pair of small antennae on your head. [demonic ancestry]
   582 | D:1      | Reached XP level 2. HP: 19/19 MP: 3/5
   808 | D:1      | Reached skill level 3 in Fire Magic
  1356 | D:1      | Gained mutation: You sometimes gain a little power by taking damage. [demonic ancestry]
  1356 | D:1      | Reached XP level 3. HP: 22/24 MP: 0/6
  2168 | D:2      | Learned a level 3 spell: Conjure Flame
  2397 | D:3      | Reached XP level 4. HP: 14/31 MP: 0/7
  2475 | D:3      | Noticed Azzok's ghost (amateur MiGl)
  3096 | D:3      | Reached skill level 1 in Fighting
  3206 | D:3      | Noticed Natasha
  3217 | D:3      | Killed Natasha
  3381 | D:3      | Noticed Natasha
  3391 | D:3      | Reached XP level 5. HP: 6/37 MP: 6/9
  3393 | D:3      | HP: 1/37 [Natasha/magic dart (4)]
  3399 | D:3      | Killed from afar by Natasha

Skill      XL: |  1  2  3  4 |
---------------+-------------+-----
Dodging        | 2 |  2.5
Fire Magic     | 3 |  3.6
Fighting       | 1 |  1.1
Conjurations   | 2 |  2.1
Stealth        | |  1.8
Unarmed Combat | |  0.1
Spellcasting   | |  2.7

Action                   |  1- 3 |  4- 6 || total
-------------------------+-------+-------++-------
Melee: Unarmed           |    45 |    30 ||    75
       Falchion          |       |    18 ||    18
 Cast: Flame Tongue      |    90 |    30 ||   120
       Conjure Flame     |       |     1 ||     1
  Use: Scroll            |     4 |     2 ||     6
       Potion            |     1 |     2 ||     3
 Stab: Sleeping          |     1 |     1 ||     2
  Eat: Chunk             |     1 |     3 ||     4
       Bread ration      |     1 |       ||     1
Armor: Robe              |    24 |     7 ||    31
Dodge: Dodged            |    77 |    47 ||   124
       Rpst.: Falchion   |       |     5 ||     5
